 Dungeon Crawl Stone Soup version 0.31.0-11-ge490571c62 (webtiles) character file.

Game seed: 16226829980813193291

81 DeltaZero the Grave Robber (level 4, -7/24 HPs)
             Began as a Deep Elf Necromancer on Feb 8, 2024.
             Mangled by a two-headed ogre
             ... wielding a +0 dire flail
             ... created by the fury of Okawaru
              (26 damage)
             ... on level 3 of the Dungeon.
             The game lasted 00:11:48 (1904 turns).

DeltaZero the Grave Robber (Deep Elf Necromancer)   Turns: 1904, Time: 00:11:48

Health: -7/24      AC:  2    Str:  5    XL:     4   Next: 19%
Magic:  12/12      EV: 12    Int: 22    God:
Gold:   145        SH:  0    Dex: 15    Spells: 7/11 levels left

rFire   . . .        c - +5 mace (holy)
rCold   . . .        (no shield)
rNeg    . . .        i - +0 robe
rPois   .            (no helmet)
rElec   .            (no cloak)
rCorr   .            (no gloves)
SInv    .            (no boots)
Will    .....        (no amulet)
Stlth   ++           (no ring)
HPRegen 0.24/turn    (no ring)
MPRegen 0.13/turn

%: no passive effects
@: no status effects
A: no striking features
a: no special abilities


You were on level 3 of the Dungeon.
You visited 1 branch of the dungeon, and saw 4 of its levels.

You collected 145 gold pieces.

Inventory:

Hand Weapons
 c - a +5 mace of holy wrath (weapon)
Armour
 i - a +0 robe (worn)
Scrolls
 d - 2 scrolls of identify {unknown}
 f - a scroll of noise {unknown}
Potions
 a - a potion of mutation {unknown}
 b - a potion of magic
 e - a potion of resistance {unknown}
 g - a potion of haste {unknown}
 h - 2 potions of curing {unknown}
 j - a potion of attraction {unknown}


   Skills:
 + Level 2.4 Dodging
 + Level 2.6 Stealth
 + Level 4.3 Spellcasting
 + Level 6.2 Necromancy


You had 7 spell levels left.
You knew the following spells:

 Your Spells              Type           Power      Damage    Failure   Level
a - Necrotise             Necr           100%       1d9       1%          1
b - Vampiric Draining     Necr           32%        2d8       2%          3

Your spell library contained the following spells:

 Spells                   Type           Power      Damage    Failure   Level
 Animate Dead             Necr           32%        N/A       9%          4
 Curse of Agony           Necr           32%        N/A       24%         5
 Hailstorm                Conj/Ice       4%         3d5       32%         3
 Summon Ice Beast         Ice/Summ       4%         N/A       32%         3
 Sculpt Simulacrum        Ice/Alch       2%         N/A       100%        6


Dungeon Overview and Level Annotations

Branches:
Dungeon (4/15)
 Temple: D:4-7

Altars:
Nemelex Xobeh
The Shining One

Shops:
D:3 [

Annotations:
D:1 1 runed translucent door


Message History

The ball python bites you but does no damage.
The ball python constricts you.
The ball python writhes in agony.
The ball python bites you but does no damage.
The ball python constricts you.
The ball python barely resists.
The ball python bites you but does no damage.
The ball python constricts you.
The ball python writhes in agony.
You kill the ball python!
The dead are slithering!
You can't see any susceptible monsters within range! (Use Z to cast anyway.) HP restored.
Your ball python skeleton crumbles into dust!
Found a hand axe.
Found a scale mail.
You see here a +0 hand axe.
h - 2 lumpy pink potions (gained 1) Nemelex Xobeh makes you draw from the deck of Punishment.
You draw a card...
You have drawn Wrath.
Okawaru sends forces against you!
A two-headed ogre comes into view.
It is wielding a +0 dire flail and a +0 giant club.
Things that are here:
a +0 falchion; a +0 flail; a +1 scale mail of fire resistance
Things that are here:
a +0 short sword; a +0 sling; a +0 club
Things that are here:
a +0 club; a +0 ring mail
Things that are here:
a +0 club; a +0 chain mail You see here a +0 club.
You see here 7 stones.
Found a scroll labelled YMOBE ZEYTAW.
The two-headed ogre hits you with a +0 dire flail.
The two-headed ogre completely misses you.
You see here a scroll labelled YMOBE ZEYTAW.
The two-headed ogre barely misses you.
The two-headed ogre hits you with a +0 giant club!!
Ouch! That really hurt!
You die...

#. #.####..........#
. #.##....####....# #
#.##∩.#.# #..####♣♣♣
#.##.##.# #....#...♣
#.......#####.#......
####...###..........♣
###.# #......#..♣♣
###.###......##♣♣
#.....#.@....#
#...>.#..O...#
#.....#.?....##
#....[#.......#
#.....#########
####.## #.# #.# #..


You could see a two-headed ogre.

Vanquished Creatures
  2 adders (D:2)
  A dart slug (D:2)
  3 ribbon worms
  4 orcs (D:3)
  2 endoplasms
  3 giant cockroaches (D:1)
  7 goblins
  4 hobgoblins
  3 quokkas
  3 ball pythons
  4 bats
  3 frilled lizards
  5 kobolds
  2 rats (D:1)
46 creatures vanquished.

Notes
Turn   | Place    | Note
-------+----------+-------------------------------------------
     0 | D:1      | DeltaZero the Deep Elf Necromancer began the quest for the
                  | Orb.
     0 | D:1      | Reached XP level 1. HP: 10/10 MP: 6/6
     1 | D:1      | Found a runed translucent door.
     2 | D:1      | Noticed a jelly
   122 | D:1      | Reached skill level 5 in Necromancy
   181 | D:1      | Reached XP level 2. HP: 15/15 MP: 4/8
   503 | D:1      | Found a faded altar of an unknown god.
   512 | D:1      | Prayed at the altar of an unknown god.
   512 | D:1      | Became a worshipper of Nemelex Xobeh the Trickster
   512 | D:1      | Reached * piety under Nemelex Xobeh
   512 | D:1      | Received a gift from Nemelex Xobeh
   762 | D:2      | Reached XP level 3. HP: 19/19 MP: 5/10
   764 | D:2      | Fell from the grace of Nemelex Xobeh
  1157 | D:2      | Reached skill level 6 in Necromancy
  1197 | D:2      | Learned a level 3 spell: Vampiric Draining
  1328 | D:2      | You fall into a shaft and drop 2 floors!
  1548 | D:3      | Found Jistad's Armour Shoppe.
  1585 | D:3      | Found a glowing golden altar of the Shining One.
  1616 | D:3      | Reached XP level 4. HP: 24/24 MP: 9/12
  1834 | D:3      | Noticed a two-headed ogre
  1904 | D:3      | Mangled by a two-headed ogre

Illustrated notes

Levels and vault maps discovered:
D:1:      dpeg_arrival_caged_fury, layout_basic,
          shapermc_ecumenical_altar_mp_ritualfount
D:2:      layout_basic
D:3:      layout_loops_cross, mainiacjoe_overflow_24_doors,
          nicolae_overflow_crystal_walls, mainiacjoe_overflow_six_doors_small,
          mainiacjoe_overflow_concentric_impassable, serial_shops, shop,
          minmay_circle_x, uniq_crazy_yiuf_cottage, uniq_robin
D:4:      layout_layer_cave, serial_shops, shop, cheibrodos_sewer_entry_sluice,
          minmay_goblin_kobold_house

Skill      XL: |  1  2  3 |
---------------+----------+-----
Necromancy     | 5 6 |  6.2
Spellcasting   | 4 |  4.3
Dodging        | |  2.4
Stealth        | |  2.6

Action                     |  1- 3 |  4- 6 || total
---------------------------+-------+-------++-------
  Melee: Mace              |     3 |       ||     3
   Cast: Necrotise         |    73 |    22 ||    95
         Vampiric Draining |     1 |       ||     1
 Invoke: Renounce Religion |     1 |       ||     1
 Armour: Robe              |     6 |    11 ||    17
  Dodge: Dodged            |     5 |    17 ||    22
